 Dungeon Crawl Stone Soup version 0.25-a0-413-g3b4b6a4ccc (webtiles) character file.

Game seed: 5983750932761827935, levelgen mode: deterministic

64 Granthy the Firebug (level 4, -8/32 HPs)
             Began as a Gnoll Fire Elementalist on Jan 17, 2020.
             Mangled by Sigmund
             ... wielding a +0 scythe
              (14 damage)
             ... on level 2 of the Dungeon.
             The game lasted 00:04:46 (1227 turns).

Granthy the Firebug (Gnoll Fire Elementalist)       Turns: 1227, Time: 00:04:47

Health: -8/32      AC:  2    Str: 10    XL:     4   Next: 12%
Magic:  3/11       EV: 15    Int: 19    God:
Gold:   179        SH:  0    Dex: 15    Spells: 9/13 levels left

rFire    . . .     SeeInvis .   m - +2 spear (flame)
rCold    . . .     Gourm    .   (no shield)
rNeg     . . .     Faith    .   a - +0 robe
rPois    .         Spirit   .   (no helmet)
rElec    .         Reflect  .   (no cloak)
rCorr    .         Harm     .   (no gloves)
MR       .....                  (no boots)
Stlth    +.........             (no amulet)
HPRegen  0.10/turn              (no ring)
MPRegen  0.12/turn              (no ring)

@: confused, very slightly contaminated
A: distributed training, fangs 1, strong nose
a: no special abilities


You were on level 2 of the Dungeon.
You were not hungry.

You visited 1 branch of the dungeon, and saw 2 of its levels.

You collected 179 gold pieces.

Inventory:

Hand Weapons
 l - a +0 dagger
 m - a +2 spear of flaming (weapon)
Missiles
 s - 8 atropa-tipped darts (quivered)
Armour
 a - a +0 robe (worn)
Jewellery
 o - an uncursed ring of poison resistance {unknown}
 p - an uncursed ring of protection from fire
 q - an uncursed amulet of magic regeneration {unknown}
Scrolls
 i - a scroll of magic mapping {unknown}
 j - a scroll of enchant weapon {unknown}
 k - a scroll of teleportation {unknown}
 n - a scroll of remove curse {unknown}
 t - a scroll of blinking {unknown}
Potions
 b - 2 potions of heal wounds {unknown}
 d - 2 potions of curing {unknown}
 e - 3 potions of flight {unknown}
 f - 3 potions of berserk rage {unknown}
 g - a potion of agility {unknown}
 r - a potion of ambrosia {unknown}
Comestibles
 c - 3 rations
 h - 4 chunks of flesh


   Skills:
 + Level 1.0 Fighting
 + Level 1.0 Short Blades
 + Level 1.0 Long Blades
 + Level 1.0 Axes
 + Level 1.0 Maces & Flails
 + Level 1.0 Polearms
 + Level 1.0 Staves
 + Level 1.0 Slings
 + Level 1.0 Bows
 + Level 1.0 Crossbows
 + Level 1.0 Throwing
 + Level 1.0 Armour
 + Level 4.6 Dodging
 + Level 4.2 Stealth
 + Level 1.0 Shields
 + Level 1.0 Unarmed Combat
 + Level 5.0 Spellcasting
 + Level 2.2 Conjurations
 + Level 0.7 Hexes
 + Level 0.7 Charms
 + Level 0.7 Summonings
 + Level 0.7 Necromancy
 + Level 0.7 Translocations
 + Level 0.7 Transmutations
 + Level 5.4 Fire Magic
 + Level 0.7 Ice Magic
 + Level 0.7 Air Magic
 + Level 0.7 Earth Magic
 + Level 0.7 Poison Magic
 + Level 1.1 Invocations
 + Level 1.0 Evocations


You had 9 spell levels left.
You knew the following spells:

 Your Spells              Type           Power        Failure   Level  Hunger
a - Foxfire               Conj/Fire      ###.         2%          1    None
b - Conjure Flame         Conj/Fire      ###.....     8%          3    ##.....

Your spell library contained the following spells:

 Spells                   Type           Power        Failure   Level  Hunger
 Inner Flame              Hex/Fire       ###.....     11%         3    ##.....
 Sticky Flame             Conj/Fire      ###.....     26%         4    ####...
 Fireball                 Conj/Fire      ###.......   56%         5    ######.


Dungeon Overview and Level Annotations

Branches:
Dungeon (2/15)

Altars:
Hepliaklqana

Annotations:
D:2 Sigmund


Innate Abilities, Weirdness & Mutations

Your experience applies equally to all skills.
You have very sharp teeth.
Your uncanny sense of smell can sniff out nearby items.


Message History

The magic dart hits you.
* * * LOW HITPOINT WARNING * * *
Casting: Foxfire (safe; 2% risk of failure)
Confirm with . or Enter, or press ? or * to list all spells.
You conjure some foxfire!
Sigmund hits you but does no damage.
Your foxfire dissipates!
The foxfire hits Sigmund.
Sigmund is severely wounded.
Casting: Foxfire (safe; 2% risk of failure)
Confirm with . or Enter, or press ? or * to list all spells.
You conjure some foxfire!
Sigmund gestures wildly while chanting.
Sigmund flickers and vanishes!
Deactivating autopickup; reactivate with Ctrl-A.
The foxfire hits something.
The foxfire hits something but does no damage.
You hear some strange, mumbled words.
You are confused.
Something hits you!
You die...

.. #.........+...#.......).##.# .
..........##...#.........##.#
............#....#[........##.#
.........#.#....#.........##.#
#.#..###..#######.# #.#..##...#
#.# # ####.#..##...#######.###
#....#..##(........#....
##########'###..@..#'######.#.###
#...........##..§..+.# #.#
#...........##{....### ###
#..................#
#...........#.........
##########.)#.#+###.## #....# ...
#....#...# ##. #.#<...#@... ∆


There were no monsters in sight!

Vanquished Creatures
  An adder (D:2)
  An ooze (D:2)
  A worm (D:2)
  4 dart slugs
  A giant cockroach (D:1)
  7 goblins
  6 hobgoblins
  5 kobolds
  A quokka (D:2)
  A ball python (D:1)
  3 bats
  3 frilled lizards
  5 rats
39 creatures vanquished.

Vanquished Creatures (others)
  102 foxfires
102 creatures vanquished.

Grand Total: 141 creatures vanquished

Notes
Turn   | Place    | Note
-------+----------+-------------------------------------------
     0 | D:1      | Granthy the Gnoll Fire Elementalist began the quest for the
                  | Orb.
     0 | D:1      | Reached XP level 1. HP: 13/13 MP: 6/6
   130 | D:1      | Reached XP level 2. HP: 19/19 MP: 3/7
   542 | D:1      | Reached XP level 3. HP: 16/25 MP: 3/9
   546 | D:1      | Reached skill level 5 in Spellcasting
   827 | D:2      | Learned a level 3 spell: Conjure Flame
   946 | D:2      | Reached skill level 1 in Invocations
   963 | D:2      | Reached skill level 1 in Fighting
   963 | D:2      | Reached skill level 1 in Short Blades
   963 | D:2      | Reached skill level 1 in Long Blades
   963 | D:2      | Reached skill level 1 in Axes
   963 | D:2      | Reached skill level 1 in Maces & Flails
   963 | D:2      | Reached skill level 1 in Polearms
   963 | D:2      | Reached skill level 1 in Staves
   963 | D:2      | Reached skill level 1 in Slings
   963 | D:2      | Reached skill level 1 in Bows
   963 | D:2      | Reached skill level 1 in Crossbows
   963 | D:2      | Reached skill level 1 in Throwing
   963 | D:2      | Reached skill level 1 in Armour
   963 | D:2      | Reached skill level 1 in Shields
   963 | D:2      | Reached skill level 1 in Unarmed Combat
   963 | D:2      | Reached skill level 1 in Evocations
   993 | D:2      | Reached XP level 4. HP: 31/32 MP: 3/11
  1018 | D:2      | Found a hazy altar of Hepliaklqana.
  1208 | D:2      | Noticed Sigmund
  1227 | D:2      | Mangled by Sigmund

Levels and vault maps discovered:
D:1:      tarquinn_simple_flora_water_f, layout_rooms, st_stairs_6,
          minmay_domino_4
D:2:      layout_basic, lemuel_crystal_altar, corexii_corridor_pit,
          chequers_mini_garden, uniq_sigmund

Skill      XL: |  1  2  3 |
---------------+----------+-----
Conjurations   | 2 |  2.2
Spellcasting   | 5 |  5.0
Invocations    | 1 |  1.1
Fighting       | 1 |  1.0
Short Blades   | 1 |  1.0
Long Blades    | 1 |  1.0
Axes           | 1 |  1.0
Maces & Flails | 1 |  1.0
Polearms       | 1 |  1.0
Staves         | 1 |  1.0
Slings         | 1 |  1.0
Bows           | 1 |  1.0
Crossbows      | 1 |  1.0
Throwing       | 1 |  1.0
Armour         | 1 |  1.0
Shields        | 1 |  1.0
Unarmed Combat | 1 |  1.0
Evocations     | 1 |  1.0
Dodging        | |  4.6
Stealth        | |  4.2
Hexes          | |  0.7
Charms         | |  0.7
Summonings     | |  0.7
Necromancy     | |  0.7
Translocations | |  0.7
Transmutations | |  0.7
Fire Magic     | |  5.4
Ice Magic      | |  0.7
Air Magic      | |  0.7
Earth Magic    | |  0.7
Poison Magic   | |  0.7

Action                   |  1- 3 |  4- 6 || total
-------------------------+-------+-------++-------
Melee: Unarmed           |     3 |       ||     3
       Spear             |     1 |     7 ||     8
 Cast: Foxfire           |    48 |    11 ||    59
  Eat: Chunk             |       |     1 ||     1
Armor: Robe              |       |     1 ||     1
Dodge: Dodged            |    13 |     4 ||    17

Table legend:
 A = Non-vault XP
 B = Vault XP
 C = Vault XP percentage of total XP
 D = Non-vault monster count
 E = Vault monster count
 F = Vault count percentage of total count
                 A         B        C        D         E       F
            +---------+---------+-------+---------+---------+-------
      Total |      79 |      13 |  14.1 |      34 |       5 |  12.8
            +---------+---------+-------+---------+---------+-------
        D:1 |      32 |      13 |  28.9 |      20 |       5 |  20.0
        D:2 |      47 |       0 |   0.0 |      14 |       0 |   0.0
            +---------+---------+-------+---------+---------+-------
